 Dungeon Crawl Stone Soup version 0.21.0-3-g78d12a8 (webtiles) character file.

146318 sankara the Impregnable (level 16, -2/165 HPs)
             Began as a Minotaur Fighter on Jan 14, 2018.
             Was the Champion of Okawaru.
             Slain by the 27-headed Lernaean hydra (5 damage)
             ... on level 4 of the Swamp on Jan 15, 2018.
             The game lasted 02:02:00 (32861 turns).

sankara the Impregnable (Minotaur Fighter)         Turns: 32861, Time: 02:02:00

Health: -2/165     AC: 41    Str: 20    XL:     16   Next: 89%
Magic:  11/18      EV:  9    Int:  5    God:    Okawaru [******]
Gold:   2502       SH: 25    Dex: 18    Spells: 15/15 levels left

rFire    . . .     SeeInvis +   s - +2 demon whip (elec)
rCold    . . .     Gourm    .   O - +7 large shield of Syompipn {+Fly rN+ SInv Stlth+}
rNeg     + . .     Faith    .   g - +0 crystal plate armour
rPois    +         Spirit   .   (helmet unavailable)
rElec    .         Reflect  .   V - +2 cloak
rCorr    .         Harm     .   M - +2 pair of gloves
MR       ++...                  q - +0 pair of boots
Stlth    ..........             T - amulet of rage
HPRegen  0.37/turn              v - ring of poison resistance
MPRegen  0.16/turn              I - +2 ring of evasion

@: lethally poisoned (-2 -> -3), about to teleport, heroism, finesse, studying
Dodging
A: retaliatory headbutt, horns 3, low mp 1, magic resistance 1
a: Heroism, Finesse, Renounce Religion, Evoke Berserk Rage, Evoke Flight


You were on level 4 of the Swamp.
You worshipped Okawaru.
Okawaru was exalted by your worship.
You were not hungry.

You visited 5 branches of the dungeon, and saw 28 of its levels.

You collected 2502 gold pieces.

Inventory:

Hand Weapons
 s - a +2 demon whip of electrocution (weapon)
 D - a +3 eveningstar of draining
 Z - a +2 lajatang of speed
Armour
 g - a +0 crystal plate armour (worn)
 m - a scarf of repulsion
 q - a +0 pair of boots (worn)
 z - a +2 chain mail of positive energy
 M - a +2 pair of gloves (worn)
 O - the +7 large shield of Syompipn (worn) {+Fly rN+ SInv Stlth+}
   (You took it off Louise on level 2 of the Swamp)

   It protects you from negative energy.
   It lets you see invisible.
   It lets you fly.
   It makes you more stealthy.
 V - a +2 cloak (worn)
Jewellery
 b - an uncursed ring of resist corrosion
 v - a ring of poison resistance (left hand)
 B - a +4 ring of strength
 I - a +2 ring of evasion (right hand)
 K - an uncursed amulet of the gourmand
 T - an amulet of rage (around neck)
Wands
 a - a wand of paralysis (30)
 C - a wand of scattershot (4)
 J - a wand of polymorph (17)
 L - a wand of clouds (8)
 R - a wand of enslavement (40)
 W - a wand of digging (10)
Scrolls
 e - 3 scrolls of enchant armour
 h - 3 scrolls of blinking
 k - 3 scrolls of fear
 o - a scroll of summoning
 r - 10 scrolls of identify
 u - 19 scrolls of remove curse
 x - 3 scrolls of amnesia
 y - 10 scrolls of teleportation
 A - 2 scrolls of magic mapping
 E - 3 scrolls of vulnerability {unknown}
 H - a scroll of acquirement {unknown}
 P - 4 scrolls of fog
 Y - 3 scrolls of enchant weapon
Potions
 c - a potion of heal wounds
 d - 6 potions of might
 i - 3 potions of lignification
 l - 5 potions of agility
 n - a potion of curing
 p - 3 potions of haste
 t - 7 potions of flight
 S - 2 potions of magic
 U - a potion of ambrosia
 X - 3 potions of cancellation
Books
 Q - a manual of Dodging
Miscellaneous
 j - a lamp of fire
 w - a box of beasts
 G - a phial of floods
 N - a phantom mirror
Comestibles
 f - 51 rations


   Skills:
 + Level 20.9(25.9) Fighting
 - Level 14.1(19.1) Maces & Flails
 - Level 21.0(26.0) Armour
 + Level 2.5(7.5) Dodging
 + Level 6.1(11.1) Shields
 + Level 7.3 Invocations
 - Level 5.0 Evocations


You had 15 spell levels left.
You didn't know any spells.

Dungeon Overview and Level Annotations

Branches:
Dungeon (15/15)            Temple (1/1) D:6            Lair (6/6) D:11
  Swamp (4/4) Lair:3        Snake (0/4) Lair:3        Slime (0/5) Lair:5
    Orc (2/2) D:9             Elf (0/3) Orc:2        Vaults (0/5) D:14
 Depths (0/5) D:15

Altars:
Ashenzari
Cheibriados
Dithmenos
Elyvilon
Fedhas
Gozag
Hepliaklqana
Kikubaaqudgha
Makhleb
Nemelex Xobeh
Okawaru
Qazlal
Ru
Sif Muna
Trog
Uskayaw
Vehumet
Wu Jian
Xom
Yredelemnul
Zin
The Shining One

Shops:
D:12 }   Orc:1 %   Orc:2 [!(*

Annotations:
Swamp:4 Lernaean hydra


Innate Abilities, Weirdness & Mutations

You reflexively headbutt those who attack you in melee.
You have a pair of large horns on your head.
Your magical capacity is low. (-10% MP)
You are resistant to hostile enchantments. (MR+)


Message History

The five-headed hydra bites you but does no damage. x4
The 27-headed Lernaean hydra bites you!
* * * LOW HITPOINT WARNING * * *
You block the 27-headed Lernaean hydra's attack.
The 27-headed Lernaean hydra bites you but does no damage.
You block the 27-headed Lernaean hydra's attack. x2
The 27-headed Lernaean hydra bites you but does no damage.
The 27-headed Lernaean hydra barely misses you.
The 27-headed Lernaean hydra bites you.
* * * LOW HITPOINT WARNING * * *
The 27-headed Lernaean hydra bites you but does no damage. x3
The 27-headed Lernaean hydra bites you!
* * * LOW HITPOINT WARNING * * *
The 27-headed Lernaean hydra bites you!
* * * LOW HITPOINT WARNING * * *
The 27-headed Lernaean hydra bites you but does no damage. x8
You block the 27-headed Lernaean hydra's attack.
The 27-headed Lernaean hydra bites you but does no damage.
The 27-headed Lernaean hydra bites you.
You die...

≈≈≈≈≈§≈≈≈≈≈≈≈♣ ♣≈♣
♣.≈≈≈≈≈≈≈≈≈.≈♣♣♣♣♣♣
♣♣♣.≈≈≈≈≈≈≈≈≈.....♣♣
≈..≈≈≈≈≈...≈≈≈≈≈≈)♣♣
♣..≈≈≈≈≈..≈≈≈≈≈≈§§.♣
♣♣♣♣♣♣....≈≈†≈≈≈≈≈≈≈...♣♣
♣≈≈≈♣≈.≈..≈≈≈.≈≈.≈.≈♣≈≈.≈
♣≈≈≈≈♣♣..§.≈≈...♣♣♣♣≈..≈≈
♣≈...≈.§@§....≈§≈♣♣♣≈§.≈≈
♣≈♣...DD≈.#..≈♣§..≈♣♣.≈≈
♣≈≈≈.D..≈..≈♣.≈≈≈♣♣≈..
♣♣♣.[≈♣≈.♣≈.≈♣≈≈≈≈≈..≈.
♣.≈[≈♣♣≈♣≈≈#≈.≈≈≈≈....≈
♣.#..[§♣♣♣≈.≈.≈≈≈≈≈....♣
♣. #...#.♣♣≈.≈.≈≈≈≈≈.....
♣ ##.D#≈♣♣♣♣≈♣.≈≈...≈≈≈≈
#.## . ♣≈♣♣..≈.≈≈≈≈≈


You could see the 27-headed Lernaean hydra, a five-headed hydra and 2 swamp
dragons.

Vanquished Creatures
  Rupert (D:12)
  A tentacled monstrosity (Swamp:3)
  A storm dragon (D:14)
  A thorn hunter (Swamp:1)
  Kirke (Swamp:2)
  Louise (Swamp:2)
  Azrael (D:13)
  2 ettins
  Josephine (D:10)
  Erolcha (D:11)
  A rakshasa (D:15)
  3 vault guards (D:14)
  Harold (Lair:4)
  19 hydras
  2 catoblepae (Lair:6)
  2 ghost crabs (Swamp:3)
  A centaur warrior (D:14)
  20 two-headed ogres
  Erica (D:11)
  7 alligators
  5 ogre magi
  6 death yaks
  A tengu warrior (D:15)
  3 spriggans
  Sonja (Lair:4)
  Nergalle (D:11)
  A deep troll (D:15)
  8 swamp dragons
  A deep elf archer (D:15)
  2 lindwurms
  A shambling mangrove (Swamp:3)
  A wizard (D:14)
  A wolf spider (Lair:6)
  4 orc knights
  3 manticores
  2 ugly things
  2 orc sorcerers
  A cyclops (D:14)
  16 elephants
  Joseph (D:7)
  Maurice (D:11)
  3 black mambas
  A gargoyle (D:13)
  13 spiny frogs
  A kobold demonologist (D:13)
  6 rime drakes
  3 komodo dragons
  A yaktaur (D:14)
  A tengu conjurer (D:14)
  2 ice devils (Lair:5)
  A jumping spider (shapeshifter) (D:14)
  A queen bee (Lair:5)
  5 trolls
  6 meliai
  12 polar bears
  9 tyrant leeches
  3 hornets
  8 slime creatures
  3 dream sheep (Lair:6)
  16 blink frogs
  5 hippogriffs
  6 bog bodies
  3 shadows
  49 yaks
  A tarantella (shapeshifter) (D:14)
  2 wyverns
  10 wraiths
  A vampire (D:14)
  23 vampire mosquitoes
  The ghost of hilaritas the Slasher, an amateur MiGl of Elyvilon (D:3)
  20 humans (D:14)
  A hog (Swamp:2)
  2 basilisks (Lair:5)
  2 hungry ghosts (D:12)
  3 fire elementals (D:13)
  6 insubstantial wisps (Swamp:3)
  11 swamp worms
  9 wargs
  2 acid dragons (D:14)
  2 nagas (Lair:3)
  19 hell hounds
  16 water moccasins
  8 porcupines
  10 swamp drakes
  2 phantoms
  20 orc warriors
  A sky beast (D:6)
  An ice beast (D:9)
  14 black bears
  An eye of draining (D:12)
  14 wolves
  2 necrophages (D:6)
  41 ogres
  22 centaurs
  A crocodile (shapeshifter) (D:14)
  19 crocodiles
  2 big kobolds (D:7)
  14 bullfrogs
  2 scorpions
  A hornet simulacrum (D:14)
  A water moccasin skeleton (D:10)
  A water moccasin zombie (D:6)
  36 killer bees
  9 wights
  2 electric eels (D:6)
  7 crimson imps
  3 centaur zombies
  2 bullfrog zombies
  2 quasits
  A wyvern simulacrum (D:14)
  9 hounds
  2 bullfrog skeletons
  10 jellies
  4 gnoll shamans (D:12)
  11 orc priests
  6 centaur skeletons
  3 iguanas
  Ijyb (D:4)
  23 orc wizards
  6 hell rats
  9 worker ants
  A hound skeleton (D:7)
  2 worker ant zombies
  A howler monkey skeleton (D:4)
  19 gnolls
  7 river rats
  8 adders
  3 shadow imps
  An ooze (Lair:5)
  2 adder skeletons
  6 worms
  4 dart slugs
  7 leopard geckos
  71 orcs
  4 giant cockroaches
  4 goblins (D:1)
  6 hobgoblins
  11 jackals
  17 kobolds
  7 quokkas
  3 ball pythons
  2 bats (D:1)
  4 frilled lizards
  2 jackal skeletons (D:4)
  A quokka zombie (D:8)
  15 rats
  A butterfly (Lair:1)
  6 fungi (D:12)
  A plant (D:12)
958 creatures vanquished.

Vanquished Creatures (collateral kills)
  A death yak (Lair:6)
  A spiny frog (Lair:6)
2 creatures vanquished.

Vanquished Creatures (others)
  5 fungi
  19 plants
24 creatures vanquished.

Grand Total: 984 creatures vanquished

Notes
Turn   | Place    | Note
-------+----------+-------------------------------------------
     0 | D:1      | sankara the Minotaur Fighter began the quest for the Orb.
     0 | D:1      | Reached XP level 1. HP: 19/19 MP: 0/0
   158 | D:1      | Reached XP level 2. HP: 25/27 MP: 1/1
   803 | D:2      | Reached XP level 3. HP: 34/34 MP: 2/2
  1234 | D:2      | Reached skill level 5 in Fighting
  1234 | D:2      | Reached XP level 4. HP: 37/42 MP: 3/3
  1626 | D:3      | Reached skill level 5 in Maces & Flails
  1931 | D:3      | Reached XP level 5. HP: 48/48 MP: 4/4
  1987 | D:3      | Found a faded altar of an unknown god.
  2049 | D:3      | Noticed hilaritas's ghost (amateur MiGl)
  2072 | D:3      | Killed hilaritas's ghost
  2072 | D:3      | Reached XP level 6. HP: 43/56 MP: 5/5
  2683 | D:4      | Noticed Ijyb
  2689 | D:4      | Killed Ijyb
  2694 | D:4      | Reached skill level 4 in Armour
  2917 | D:4      | Reached skill level 5 in Armour
  2917 | D:4      | Reached XP level 7. HP: 52/61 MP: 6/6
  3606 | D:5      | Entered Level 5 of the Dungeon
  3857 | D:5      | Reached skill level 6 in Armour
  4220 | D:5      | Reached XP level 8. HP: 70/70 MP: 7/7
  4391 | D:5      | Found a glowing golden altar of the Shining One.
  5044 | D:6      | Reached skill level 7 in Armour
  5100 | D:6      | Found a shadowy altar of Dithmenos.
  5114 | D:6      | Found a staircase to the Ecumenical Temple.
  5134 | Temple   | Entered the Ecumenical Temple
  5257 | Temple   | Became a worshipper of Warmaster Okawaru
  5634 | D:6      | Reached skill level 10 in Maces & Flails
  5634 | D:6      | Reached skill level 8 in Armour
  5781 | D:6      | Reached XP level 9. HP: 76/81 MP: 8/8
  5971 | D:7      | Reached * piety under Okawaru
  6227 | D:7      | Reached skill level 9 in Armour
  6311 | D:7      | Noticed Joseph
  6322 | D:7      | Killed Joseph
  6322 | D:7      | Reached ** piety under Okawaru
  7015 | D:8      | Reached XP level 10. HP: 89/93 MP: 9/9
  7045 | D:8      | Reached skill level 10 in Armour
  7303 | D:8      | Reached skill level 10 in Fighting
  7574 | D:9      | Reached *** piety under Okawaru
  7988 | D:9      | Found the +5 scythe "Finisher" {speed, Str+3}
  8041 | D:9      | Reached skill level 11 in Armour
  8213 | D:9      | Reached **** piety under Okawaru
  8256 | D:9      | Noticed a two-headed ogre
  8262 | D:9      | Killed a two-headed ogre
  8334 | D:9      | Found a bloodstained altar of Trog.
  8384 | D:9      | Noticed a two-headed ogre
  8394 | D:9      | Killed a two-headed ogre
  8394 | D:9      | Reached XP level 11. HP: 53/102 MP: 10/10
  8717 | D:9      | Found a staircase to the Orcish Mines.
  9007 | D:10     | Entered Level 10 of the Dungeon
  9104 | D:10     | Found a glowing golden altar of the Shining One.
  9185 | D:10     | Found an iron altar of Okawaru.
  9434 | D:10     | Reached skill level 12 in Armour
  9444 | D:10     | Noticed a two-headed ogre
  9452 | D:10     | Killed a two-headed ogre
  9666 | D:11     | Noticed a purple ugly thing
  9670 | D:11     | Reached ***** piety under Okawaru
  9675 | D:11     | Killed a purple ugly thing
  9695 | D:11     | Noticed Josephine
  9718 | D:11     | Noticed Maurice
  9735 | D:11     | Noticed Erica
  9806 | D:11     | Noticed a two-headed ogre
  9825 | D:10     | Killed a two-headed ogre
 10168 | D:11     | Killed Erica
 10474 | D:10     | Killed Josephine
 10751 | D:11     | Found a staircase to the Lair.
 10763 | D:11     | Noticed Erolcha
 10772 | D:11     | Killed Erolcha
 10772 | D:11     | Reached skill level 13 in Armour
 10860 | D:11     | Killed Maurice
 10860 | D:11     | Received a gift from Okawaru
 10959 | D:11     | Found a blossoming altar of Fedhas.
 11012 | D:11     | Noticed Nergalle
 11022 | D:11     | Killed Nergalle
 11022 | D:11     | Reached XP level 12. HP: 111/115 MP: 11/11
 11281 | Lair:1   | Entered Level 1 of the Lair of Beasts
 12558 | Lair:2   | Received a gift from Okawaru
 12566 | Lair:2   | Reached skill level 14 in Armour
 12827 | Lair:2   | Got a translucent broad axe
 12828 | Lair:2   | Identified the cursed +1 broad axe of Valiance {antimagic, rF+ Dex+3} (You found it on level 2 of the Lair of Beasts)
 13521 | Lair:3   | Found a staircase to the Snake Pit.
 13636 | Lair:3   | Reached ****** piety under Okawaru
 13821 | Lair:3   | Received a gift from Okawaru
 13827 | Lair:3   | Found a staircase to the Swamp.
 13880 | Lair:3   | Noticed a seven-headed hydra
 13905 | Lair:3   | Killed a seven-headed hydra
 13917 | Lair:3   | Reached skill level 15 in Armour
 14384 | Lair:3   | Reached skill level 15 in Fighting
 14817 | Lair:4   | Noticed Sonja
 14831 | Lair:4   | Killed Sonja
 14831 | Lair:4   | Reached XP level 13. HP: 125/127 MP: 12/12
 15084 | Lair:4   | Received a gift from Okawaru
 15223 | Lair:4   | Noticed Harold
 15235 | Lair:4   | Killed Harold
 15238 | Lair:4   | Reached skill level 16 in Armour
 16726 | Lair:5   | Found a staircase to the Slime Pits.
 16784 | Lair:5   | Received a gift from Okawaru
 17131 | Lair:5   | Reached skill level 17 in Armour
 17170 | Lair:5   | Gained mutation: Your magical capacity is low. (-10% MP) [potion of mutation]
 17170 | Lair:5   | Gained mutation: You have a pair of large horns on your head. [potion of mutation]
 17170 | Lair:5   | Gained mutation: You are resistant to hostile enchantments. (MR+) [potion of mutation]
 17883 | Lair:6   | Entered Level 6 of the Lair of Beasts
 17944 | Lair:6   | Reached XP level 14. HP: 80/140 MP: 11/11
 18375 | Lair:6   | Received a gift from Okawaru
 18855 | Lair:6   | Reached skill level 18 in Armour
 19992 | Lair:6   | Received a gift from Okawaru
 20688 | D:12     | Noticed Rupert
 20700 | D:12     | Killed Rupert
 20700 | D:12     | Reached skill level 19 in Armour
 20995 | D:12     | Found Ofror's Gadget Boutique.
 21930 | Orc:1    | Entered Level 1 of the Orcish Mines
 22063 | Orc:2    | Entered Level 2 of the Orcish Mines
 22155 | Orc:2    | Reached XP level 15. HP: 118/152 MP: 12/12
 22670 | Orc:2    | Found a staircase to the Elven Halls.
 22706 | Orc:2    | Paralysed by an orc sorcerer for 6 turns
 23647 | Orc:2    | Received a gift from Okawaru
 23648 | Orc:2    | Got an ichor-stained robe {god gift}
 24178 | Orc:2    | Found Jaakhlir's Armour Emporium.
 24178 | Orc:2    | Found Xaniv's Distillery.
 24179 | Orc:2    | Found Odasham's Weapon Shop.
 24179 | Orc:2    | Found Opsyapah's Assorted Antiques.
 24477 | Orc:1    | Found Lyloj's Food Emporium.
 24604 | Orc:1    | Reached skill level 1 in Invocations
 24970 | Orc:1    | Reached skill level 1 in Evocations
 25262 | D:13     | Noticed Azrael
 25288 | D:13     | HP: 6/155 [fire elemental[Azrael] (3)]
 25290 | D:13     | Killed Azrael
 26004 | D:13     | Reached skill level 20 in Armour
 26231 | D:13     | Found a stormy altar of Qazlal.
 27422 | D:14     | Received a gift from Okawaru
 27444 | D:14     | Found a gate to the Vaults.
 27711 | D:14     | Noticed a storm dragon
 27744 | D:14     | Killed a storm dragon
 28089 | D:15     | Entered Level 15 of the Dungeon
 28146 | D:15     | Reached XP level 16. HP: 159/163 MP: 16/16
 28684 | D:15     | Found a staircase to the Depths.
 28694 | D:15     | Received a gift from Okawaru
 29339 | Swamp:1  | Entered Level 1 of the Swamp
 29674 | Swamp:1  | Reached skill level 5 in Invocations
 29709 | Swamp:1  | Noticed a thorn hunter
 29714 | Swamp:1  | Killed a thorn hunter
 29861 | Swamp:1  | Reached skill level 5 in Evocations
 30336 | Swamp:2  | Noticed Louise
 30368 | Swamp:2  | Killed Louise
 30374 | Swamp:2  | Got a warped large shield
 30375 | Swamp:2  | Identified the +7 large shield of Syompipn {+Fly rN+ SInv Stlth+} (You took it off Louise on level 2 of the Swamp)
 31007 | Swamp:2  | Noticed Kirke
 31024 | Swamp:2  | Killed Kirke
 31586 | Swamp:3  | Received a gift from Okawaru
 31623 | Swamp:3  | Reached skill level 5 in Shields
 31684 | Swamp:3  | Noticed a tentacled monstrosity
 31702 | Swamp:3  | Killed a tentacled monstrosity
 32397 | Swamp:4  | Entered Level 4 of the Swamp
 32592 | Swamp:4  | Reached skill level 1 in Dodging
 32743 | Swamp:4  | Reached skill level 21 in Armour
 32799 | Swamp:4  | Received a gift from Okawaru
 32837 | Swamp:4  | Noticed the 27-headed Lernaean hydra
 32861 | Swamp:4  | HP: 3/165 [the 27-headed Lernaean hydra (10)]
 32861 | Swamp:4  | Slain by the 27-headed Lernaean hydra

Skill      XL: |  1  2  3  4  5  6  7  8  9 10 11 12 13 14 15 16 |
---------------+-------------------------------------------------+-----
Fighting       | 4 5 6 7 9 11 13 15 17 19 20 | 20.9
Maces & Flails | 3 4 5 7 8 10 11 12 14 | 14.1
Armour         | 5 6 8 9 11 13 15 17 19 20 21 | 21.0
Invocations    | 4 7 |  7.3
Evocations     | 3 5 |  5.0
Shields        | 6 |  6.1
Dodging        | 2 |  2.5

Action                   |  1- 3 |  4- 6 |  7- 9 | 10-12 | 13-15 | 16-18 || total
-------------------------+-------+-------+-------+-------+-------+-------++-------
Melee: Flail             |   104 |   155 |   298 |   576 |       |       ||  1133
       Headbutt          |    12 |    27 |    74 |   190 |   371 |   163 ||   837
       Eveningstar       |       |       |       |    77 |   295 |       ||   372
       Demon whip        |       |       |       |       |  1163 |   580 ||  1743
Invok: Heroism           |       |       |       |     3 |     4 |     4 ||    11
       Finesse           |       |       |       |       |     3 |     3 ||     6
  Use: Scroll            |       |       |       |    17 |     5 |     2 ||    24
       Potion            |       |       |       |     3 |    14 |     1 ||    18
 Stab: Invisible         |       |       |       |       |     3 |       ||     3
       Petrified         |       |       |       |       |     8 |       ||     8
       Petrifying        |       |       |       |       |     1 |       ||     1
  Eat: Chunk             |     1 |     6 |    13 |    25 |    35 |    12 ||    92
       Ration            |       |       |       |       |     3 |     1 ||     4
Armor: Scale mail        |    44 |    40 |       |       |       |       ||    84
       Chain mail        |       |    13 |   127 |   382 |   736 |   221 ||  1479
       Skin              |       |       |       |     8 |       |       ||     8
       Crystal plate arm |       |       |       |       |       |   129 ||   129
Dodge: Dodged            |    17 |    30 |    49 |   173 |   345 |   101 ||   715
Block: Shield            |    55 |    54 |   102 |   297 |   548 |   100 ||  1156
       Large shield      |       |       |       |       |       |   314 ||   314
